Punishers vs Knights
Created - 12 janvier 2017 at 06:54
Goals
|
| Punishers |
0 |
2 |
3 |
5 |
| Knights |
1 |
0 |
2 |
3 |
|
Shots
|
| Punishers |
8 |
16 |
7 |
31 |
| Knights |
7 |
12 |
9 |
28 |
|
1st period
1. Knights , Jimmy Hayes 13 (Cody Bass, Scott Jackson) at 5:50
Penalties :
Scott Lehman (Lon) for Tripping (Minor) at 11:41
2nd period
2. Punishers , Petteri Nokelainen 8 (Casey Cizikas) at 0:12 (PP)
3. Punishers , Petteri Nokelainen 9 (Ryan Malone, Alex Petrovic) at 10:18
Penalties :
Craig Adams (Lon) for Tripping (Minor) at 0:11, Matt Mackenzie (Pro) for Tripping (Minor) at 8:06, Cody Bass (Lon) for Roughing (Minor) at 12:22, Ronalds Kenins (Lon) for Holding (Minor) at 19:40
3rd period
4. Punishers , Casey Cizikas 10 (Petteri Nokelainen, Mike Weber) at 0:12 (PP)
5. Knights , Philip Varone 1 (Linden Vey, Michael Stone) at 6:09
6. Punishers , Frazer Mclaren 6 (Ryan Malone) at 18:04
7. Knights , Jimmy Hayes 14 (Cody Bass) at 19:23
8. Punishers , Petteri Nokelainen 10 (Dainius Zubrus, Ryan Malone) at 19:31
Penalties :
Dainius Zubrus (Pro) for Holding (Minor) at 6:56, Cody Bass (Lon) for Tripping (Minor) at 11:56
Goalie Stats
Kevin Poulin (Pro), 25 saves from 28 shots - (0,893), W, 12-13-1, 60:00 minutes
Jeff Glass (Lon), 26 saves from 31 shots - (0,839), L, 11-9-0, 60:00 minutes
Players Stats for Punishers
Player Name G A P +/- PIM S H SB GA TA FO MP PP MP PK MP
------------------------------------------------------------------------------------
Adam McQuaid 0 0 0 1 0 2 1 0 1 0 0/0 20:41 2:56 1:46
Alex Petrovic 0 1 1 0 0 0 2 3 0 0 0/0 12:42 0:00 0:00
Boone Jenner 0 0 0 -1 0 0 2 0 0 0 5/16 16:37 0:33 1:03
Brandon McMillan 0 0 0 -1 0 0 0 2 0 0 0/2 2:42 0:00 0:00
Casey Cizikas 1 1 2 0 0 3 3 0 0 0 15/27 20:28 3:47 0:35
Dainius Zubrus 0 1 1 0 2 8 1 0 1 0 0/0 18:43 2:40 0:26
Frazer Mclaren 1 0 1 -1 0 2 0 0 0 0 0/0 12:08 0:00 0:00
Matt Mackenzie 0 0 0 0 2 1 1 0 0 0 0/0 12:42 0:00 0:00
Michael Ferland 0 0 0 0 0 0 1 0 0 0 0/0 5:50 0:00 1:27
Miikka Salomaki 0 0 0 0 0 1 0 0 0 0 1/1 19:07 3:30 0:00
Mike Sauer 0 0 0 -1 0 2 1 1 0 1 0/0 26:37 3:34 2:12
Mike Weber 0 1 1 -1 0 0 1 2 0 0 0/0 26:37 3:34 2:12
Petteri Nokelainen 3 1 4 2 0 9 0 1 1 1 2/5 21:17 3:50 2:00
Philippe Paradis 0 0 0 0 0 0 0 0 0 1 2/5 12:01 1:15 0:00
Quinton Howden 0 0 0 1 0 0 2 0 0 0 1/3 7:43 1:15 0:00
Radek Smolenak 0 0 0 0 0 1 0 0 0 0 0/0 7:32 0:00 0:25
Ryan Malone 0 3 3 1 0 0 5 0 0 1 0/0 14:22 0:00 2:00
Simon Despres 0 0 0 1 0 0 1 0 0 0 0/0 20:41 2:56 1:46
Tanner Glass 0 0 0 -1 0 2 1 0 0 2 0/0 17:30 2:40 0:00
Players Stats for Knights
Player Name G A P +/- PIM S H SB GA TA FO MP PP MP PK MP
------------------------------------------------------------------------------------
A.J. Jenks 0 0 0 2 0 2 1 0 0 1 0/0 12:35 0:00 0:00
Brett Connolly 0 0 0 0 0 0 0 0 0 0 0/0 0:00 0:00 0:00
Chris Thorburn 0 0 0 -1 0 1 1 0 1 0 0/1 19:03 1:44 3:40
Cody Almond 0 0 0 0 0 0 0 0 0 0 0/0 0:00 0:00 0:00
Cody Bass 0 2 2 2 4 2 0 0 1 0 1/3 12:33 0:00 0:00
Colton Gillies 0 0 0 -1 0 0 0 0 0 0 0/0 0:17 0:04 0:00
Craig Adams 0 0 0 -1 2 3 3 0 0 0 5/7 21:28 2:10 3:39
Jason Zucker 0 0 0 1 0 1 1 0 0 0 0/0 7:23 0:00 0:00
Jimmy Hayes 2 0 2 2 0 3 1 0 2 0 0/0 12:35 0:00 0:00
Joe Colborne 0 0 0 -1 0 3 1 1 0 0 8/15 16:56 1:44 1:33
Josh Jooris 0 0 0 -1 0 0 0 0 0 0 0/1 1:39 0:04 1:22
Kevin Hayes 0 0 0 -1 0 0 0 0 0 0 0/0 0:17 0:04 0:00
Linden Vey 0 1 1 1 0 2 3 0 0 0 0/0 7:23 0:00 0:00
Michael Raffl 0 0 0 -1 0 2 2 1 0 0 0/2 18:52 2:10 1:00
Michael Stone 0 1 1 0 0 1 0 1 0 0 0/0 12:57 0:00 0:50
Nikita Nikitin 0 0 0 -2 0 0 2 4 0 0 0/0 25:15 2:09 4:07
Patrick Wiercioch 0 0 0 0 0 0 0 0 0 0 0/0 2:41 0:00 0:00
Philip Varone 1 0 1 1 0 1 2 0 0 0 4/4 7:38 0:00 0:13
Ronalds Kenins 0 0 0 -1 2 1 4 0 1 0 0/0 15:22 1:44 0:00
Ryan Nugent-Hopkins 0 0 0 0 0 0 0 0 0 0 0/0 0:00 0:00 0:00
Scott Jackson 0 1 1 2 0 2 1 1 0 0 0/0 19:42 1:49 2:08
Scott Lehman 0 0 0 2 2 1 0 0 0 0 0/0 19:08 1:49 1:33
Tomas Kundratek 0 0 0 -2 0 1 0 4 0 1 0/0 28:14 2:09 4:22
Zach Trotman 0 0 0 0 0 0 0 0 0 1 0/0 12:04 0:00 0:00
Zack Hamill 0 0 0 -1 0 2 2 1 1 0 15/26 19:23 2:10 1:33
3 Stars
1 - Petteri Nokelainen (Pro)
2 - Jimmy Hayes (Lon)
3 - Ryan Malone (Pro)
Power Play
Punishers - 2 on 5 Attempt(s) - 40,00%
Knights - 0 on 2 Attempt(s) - 0,00%
Penalty Kill
Punishers - 2 on 2 Attempt(s) - 100,00%
- Score 0 goal in Penalty Kill
Knights - 3 on 5 Attempt(s) - 60,00%
- Score 0 goal in Penalty Kill
Team Stat
Punishers - Hits : 22 - Faceoff Wins : 26 - Blocked Shots : 9 - Penalty Minutes : 4
Knights - Hits : 24 - Faceoff Wins : 33 - Blocked Shots : 13 - Penalty Minutes : 10
Official
Referees : L'Ecuyer Frederick and StLaurent Francois
Linesman : Mark Wheler and Lyle Seitz
Game Notes
Brandon McMillan is injured at 13:54 of 1st period (Abdomen/Ribs)
Quinton Howden is injured at 14:49 of 2nd period (Sprained Left Finger)
Petteri Nokelainen has scored a Hat Trick!
Finance
Level 1 -- Attendance: 1607 (80,35%) -- Ticket Income 56 245 $
Level 2 -- Attendance: 773 (77,30%) -- Ticket Income 15 460 $
Total Attendance: 2380 (79,33%)
Total Ticket Income: 71 705 $
Other Income: 3 585 $
Total Income: 75 290 $
Punishers
5 vs 5 Forward
Center Left Wing Right Wing Time % Phy DF OF
1 Casey Cizikas Petteri Nokelainen Miikka Salomaki 40 1 2 2
2 Boone Jenner Tanner Glass Dainius Zubrus 30 1 2 2
3 Brandon McMillan Frazer Mclaren Ryan Malone 20 1 2 2
4 Philippe Paradis Radek Smolenak Quinton Howden 10 1 2 2
5 vs 5 Defense
Defense Defense Time % Phy DF OF
1 Mike Weber Mike Sauer 40 1 2 2
2 Adam McQuaid Simon Despres 30 1 2 2
3 Alex Petrovic Matt Mackenzie 20 1 2 2
4 Mike Weber Mike Sauer 10 1 2 2
PowerPlay Forward
Center Left Wing Right Wing Time % Phy DF OF
1 Casey Cizikas Petteri Nokelainen Miikka Salomaki 60 1 2 2
2 Casey Cizikas Tanner Glass Dainius Zubrus 40 1 2 2
PowerPlay Defense
Defense Defense Time % Phy DF OF
1 Mike Weber Mike Sauer 60 1 2 2
2 Adam McQuaid Simon Despres 40 1 2 2
Penalty Kill 4 Players Forward
Center Wing Time % Phy DF OF
1 Petteri Nokelainen Ryan Malone 60 1 2 2
2 Boone Jenner Dainius Zubrus 40 1 2 2
Penalty Kill 4 Players Defense
Defense Defense Time % Phy DF OF
1 Mike Weber Mike Sauer 60 1 2 2
2 Adam McQuaid Simon Despres 40 1 2 2
Penalty Kill - 3 Players Forward
Forward Time % Phy DF OF
1 Ryan Malone 60 1 2 2
2 Dainius Zubrus 40 1 2 2
Penalty Kill - 3 Players Defense
Defense Defense Time % Phy DF OF
1 Mike Weber Mike Sauer 60 1 2 2
2 Adam McQuaid Simon Despres 40 1 2 2
4 vs 4 Forward
Center Wing Time % Phy DF OF
1 Ryan Malone Dainius Zubrus 60 1 2 2
2 Tanner Glass Petteri Nokelainen 40 1 2 2
4 vs 4 Defense
Defense Defense Time % Phy DF OF
1 Mike Weber Mike Sauer 60 1 2 2
2 Adam McQuaid Simon Despres 40 1 2 2
Last Minutes Offensive
Center Left Wing Right Wing Defense Defense
Petteri Nokelainen Ryan Malone Dainius Zubrus Mike Weber Mike Sauer
Last Minutes Defensive
Center Left Wing Right Wing Defense Defense
Petteri Nokelainen Ryan Malone Dainius Zubrus Mike Weber Mike Sauer
Goaltenders
Starting : Kevin Poulin
Backup : Niklas Svedberg
Extra Forwards
Normal : Quinton Howden, Philippe Paradis, Michael Ferland - PP : Quinton Howden, Philippe Paradis - PK : Michael Ferland
Extra Defensemen
Normal : Alex Petrovic, Matt Mackenzie, Adam McQuaid - PP : Alex Petrovic - PK : Matt Mackenzie, Adam McQuaid
Penalty Shots
Ryan Malone, Dainius Zubrus, Tanner Glass, Petteri Nokelainen, Frazer Mclaren
Knights
5 vs 5 Forward
Center Left Wing Right Wing Time % Phy DF OF
1 Zack Hamill Michael Raffl Craig Adams 40 1 2 2
2 Joe Colborne Ronalds Kenins Chris Thorburn 30 1 2 2
3 Cody Bass A.J. Jenks Jimmy Hayes 20 1 2 2
4 Philip Varone Jason Zucker Linden Vey 10 1 2 2
5 vs 5 Defense
Defense Defense Time % Phy DF OF
1 Tomas Kundratek Nikita Nikitin 40 1 2 2
2 Scott Jackson Scott Lehman 30 1 2 2
3 Zach Trotman Michael Stone 20 1 2 2
4 Patrick Wiercioch Tomas Kundratek 10 1 2 2
PowerPlay Forward
Center Left Wing Right Wing Time % Phy DF OF
1 Zack Hamill Michael Raffl Craig Adams 60 1 2 2
2 Joe Colborne Ronalds Kenins Chris Thorburn 40 1 2 2
PowerPlay Defense
Defense Defense Time % Phy DF OF
1 Tomas Kundratek Nikita Nikitin 60 1 2 2
2 Scott Jackson Scott Lehman 40 1 2 2
Penalty Kill 4 Players Forward
Center Wing Time % Phy DF OF
1 Craig Adams Chris Thorburn 60 1 2 2
2 Zack Hamill Joe Colborne 40 1 2 2
Penalty Kill 4 Players Defense
Defense Defense Time % Phy DF OF
1 Tomas Kundratek Nikita Nikitin 60 1 2 2
2 Scott Jackson Scott Lehman 40 1 2 2
Penalty Kill - 3 Players Forward
Forward Time % Phy DF OF
1 Craig Adams 60 1 2 2
2 Chris Thorburn 40 1 2 2
Penalty Kill - 3 Players Defense
Defense Defense Time % Phy DF OF
1 Tomas Kundratek Nikita Nikitin 60 1 2 2
2 Scott Jackson Scott Lehman 40 1 2 2
4 vs 4 Forward
Center Wing Time % Phy DF OF
1 Craig Adams Chris Thorburn 60 1 2 2
2 Zack Hamill Joe Colborne 40 1 2 2
4 vs 4 Defense
Defense Defense Time % Phy DF OF
1 Tomas Kundratek Nikita Nikitin 60 1 2 2
2 Scott Jackson Scott Lehman 40 1 2 2
Last Minutes Offensive
Center Left Wing Right Wing Defense Defense
Zack Hamill Michael Raffl Craig Adams Tomas Kundratek Nikita Nikitin
Last Minutes Defensive
Center Left Wing Right Wing Defense Defense
Zack Hamill Michael Raffl Craig Adams Tomas Kundratek Nikita Nikitin
Goaltenders
Starting : Jeff Glass
Backup : Mark Dekanich
Extra Forwards
Normal : Colton Gillies, Kevin Hayes, Josh Jooris - PP : Colton Gillies, Kevin Hayes - PK : Josh Jooris
Extra Defensemen
Normal : Zach Trotman, Michael Stone, Patrick Wiercioch - PP : Zach Trotman - PK : Michael Stone, Patrick Wiercioch
Penalty Shots
Craig Adams, Chris Thorburn, Zack Hamill, Joe Colborne, Jimmy Hayes
% Time on Ice - Punishers
Lines # - Real PCT - Wanted PCT - Time Play
Normal Forward
1 - 31% - 40% - 15:20
2 - 30% - 30% - 14:50
3 - 25% - 20% - 12:08
4 - 14% - 10% - 7:06
Normal Defense
1 - 39% - 40% - 19:05
2 - 32% - 30% - 15:59
3 - 26% - 20% - 12:42
4 - 3% - 10% - 1:38
PP Forward
1 - 59% - 60% - 3:50
2 - 41% - 40% - 2:40
PP Defense
1 - 55% - 60% - 3:34
2 - 45% - 40% - 2:56
PK Forward
1 - 74% - 60% - 2:55
2 - 26% - 40% - 1:03
PK Defense
1 - 55% - 60% - 2:12
2 - 45% - 40% - 1:46
PK3 Forward
1 - 0% - 60%
2 - 0% - 40%
PK3 Defense
1 - 0% - 60%
2 - 0% - 40%
44 Forward
1 - 0% - 60%
2 - 0% - 40%
44 Defense
1 - 0% - 60%
2 - 0% - 40%
Last Minute Offensive - 0:00
Last Minute Defensive - 0:08
Total
Forward - 60:00
Defense - 60:00
|
% Time on Ice - Knights
Lines # - Real PCT - Wanted PCT - Time Play
Normal Forward
1 - 32% - 40% - 15:47
2 - 28% - 30% - 13:39
3 - 25% - 20% - 12:35
4 - 15% - 10% - 7:23
Normal Defense
1 - 39% - 40% - 19:11
2 - 32% - 30% - 15:45
3 - 24% - 20% - 11:47
4 - 5% - 10% - 2:41
PP Forward
1 - 56% - 60% - 2:14
2 - 44% - 40% - 1:44
PP Defense
1 - 54% - 60% - 2:09
2 - 46% - 40% - 1:49
PK Forward
1 - 76% - 60% - 4:57
2 - 24% - 40% - 1:33
PK Defense
1 - 67% - 60% - 4:22
2 - 33% - 40% - 2:08
PK3 Forward
1 - 0% - 60%
2 - 0% - 40%
PK3 Defense
1 - 0% - 60%
2 - 0% - 40%
44 Forward
1 - 0% - 60%
2 - 0% - 40%
44 Defense
1 - 0% - 60%
2 - 0% - 40%
Last Minute Offensive - 0:08
Last Minute Defensive - 0:00
Total
Forward - 60:00
Defense - 60:00
|
Play by Play
1st period
0:01 of 1st period - Zack Hamill wins face-off versus Petteri Nokelainen in neutral zone.
0:12 of 1st period - Wrist shot by Zack Hamill.
0:12 of 1st period - Stopped by Kevin Poulin without a rebound.
0:13 of 1st period - Joe Colborne wins face-off versus Boone Jenner in Punishers zone.
0:40 of 1st period - A.J. Jenks is hit by Ryan Malone.
0:54 of 1st period - Zach Trotman is hit by Ryan Malone.
0:55 of 1st period - Icing by Zach Trotman.
0:56 of 1st period - Cody Bass wins face-off versus Casey Cizikas in Knights zone.
1:00 of 1st period - Off-side.
1:01 of 1st period - Casey Cizikas wins face-off versus Zack Hamill in neutral zone.
1:04 of 1st period - Slapshot by Casey Cizikas.
1:04 of 1st period - Shot Hit the Post.
1:06 of 1st period - Snap shot by Alex Petrovic.
1:06 of 1st period - Shot Blocked by Nikita Nikitin.
1:08 of 1st period - Slapshot by Matt Mackenzie.
1:08 of 1st period - Deflect By Casey Cizikas.
1:08 of 1st period - Shot Misses the Net.
1:08 of 1st period - Puck is out of play.
1:09 of 1st period - Philippe Paradis wins face-off versus Zack Hamill in Knights zone.
1:18 of 1st period - Wrist shot by Quinton Howden.
1:18 of 1st period - Deflect By Radek Smolenak.
1:18 of 1st period - Shot Blocked by Tomas Kundratek.
1:18 of 1st period - Puck is out of play.
1:19 of 1st period - Philip Varone wins face-off versus Philippe Paradis in Knights zone.
2:03 of 1st period - Snap shot by Dainius Zubrus.
2:03 of 1st period - Stopped by Jeff Glass without a rebound.
2:04 of 1st period - Boone Jenner wins face-off versus Zack Hamill in Knights zone.
2:31 of 1st period - Slapshot by Chris Thorburn.
2:31 of 1st period - Shot Misses the Net.
2:33 of 1st period - Slapshot by Scott Jackson.
2:33 of 1st period - Deflect By Mike Weber.
2:33 of 1st period - Stopped by Kevin Poulin without a rebound.
2:34 of 1st period - Joe Colborne wins face-off versus Brandon McMillan in Punishers zone.
2:57 of 1st period - Slapshot by Chris Thorburn.
2:57 of 1st period - Deflect By Ronalds Kenins.
2:57 of 1st period - Shot Misses the Net.
2:57 of 1st period - Puck is out of play.
2:58 of 1st period - Casey Cizikas wins face-off versus Zack Hamill in Punishers zone.
3:23 of 1st period - Dainius Zubrus is hit by A.J. Jenks and loses puck.
3:34 of 1st period - Michael Stone is hit by Alex Petrovic and loses puck.
4:11 of 1st period - Snap shot by Adam McQuaid.
4:11 of 1st period - Stopped by Jeff Glass with a rebound.
4:16 of 1st period - Off-side.
4:17 of 1st period - Zack Hamill wins face-off versus Casey Cizikas in neutral zone.
4:28 of 1st period - Nikita Nikitin is hit by Casey Cizikas and loses puck.
4:49 of 1st period - Off-side.
4:50 of 1st period - Boone Jenner wins face-off versus Cody Bass in neutral zone.
4:59 of 1st period - Wrist shot by Tanner Glass.
4:59 of 1st period - Stopped by Jeff Glass with a rebound.
5:50 of 1st period - Slapshot by Jimmy Hayes.
5:50 of 1st period - Goal by Jimmy Hayes - Punishers : 0 - Knights : 1.
5:51 of 1st period - Casey Cizikas wins face-off versus Zack Hamill in neutral zone.
6:30 of 1st period - Off-side.
6:31 of 1st period - Zack Hamill wins face-off versus Brandon McMillan in neutral zone.
6:34 of 1st period - Frazer Mclaren is hit by Craig Adams and loses puck.
6:57 of 1st period - Mike Weber is hit by Ronalds Kenins and loses puck.
7:42 of 1st period - Radek Smolenak is hit by Zack Hamill and loses puck.
8:43 of 1st period - Wrist shot by Chris Thorburn.
8:43 of 1st period - Shot Blocked by Alex Petrovic.
9:13 of 1st period - Michael Raffl is hit by Quinton Howden and loses puck.
9:28 of 1st period - Zach Trotman is hit by Ryan Malone and loses puck.
9:35 of 1st period - Simon Despres is hit by Linden Vey and loses puck.
9:56 of 1st period - Wrist shot by Cody Bass.
9:56 of 1st period - Stopped by Kevin Poulin with a rebound.
10:37 of 1st period - Wrist shot by Michael Raffl.
10:37 of 1st period - Deflect By Craig Adams.
10:37 of 1st period - Shot Blocked by Mike Sauer.
10:37 of 1st period - Puck is out of play.
10:38 of 1st period - Craig Adams wins face-off versus Casey Cizikas in Punishers zone.
11:06 of 1st period - Icing by Dainius Zubrus.
11:07 of 1st period - Joe Colborne wins face-off versus Boone Jenner in Punishers zone.
11:08 of 1st period - Snap shot by Chris Thorburn.
11:08 of 1st period - Stopped by Kevin Poulin with a rebound.
11:38 of 1st period - Snap shot by Tanner Glass.
11:38 of 1st period - Stopped by Jeff Glass without a rebound.
11:39 of 1st period - Zack Hamill wins face-off versus Casey Cizikas in Knights zone.
11:41 of 1st period - Minor Penalty to Scott Lehman for Tripping.
11:42 of 1st period - Casey Cizikas wins face-off versus Craig Adams in Knights zone.
11:50 of 1st period - Wrist shot by Petteri Nokelainen.
11:50 of 1st period - Shot Misses the Net.
12:30 of 1st period - Icing by Dainius Zubrus.
12:31 of 1st period - Craig Adams wins face-off versus Quinton Howden in Punishers zone.
13:14 of 1st period - Wrist shot by Dainius Zubrus.
13:14 of 1st period - Deflect By Tomas Kundratek.
13:14 of 1st period - Stopped by Jeff Glass with a rebound.
13:41 of 1st period - Penalty to Scott Lehman is over, Scott Lehman is back on ice.
13:52 of 1st period - Wrist shot by A.J. Jenks.
13:52 of 1st period - Shot Blocked by Brandon McMillan.
13:54 of 1st period - Slapshot by Cody Bass.
13:54 of 1st period - Shot Blocked by Brandon McMillan.
13:54 of 1st period - Brandon McMillan from Punishers is injured at 13:54 of 1st period (Abdomen/Ribs).
13:55 of 1st period - Zack Hamill wins face-off versus Casey Cizikas in Punishers zone.
14:08 of 1st period - Snap shot by Casey Cizikas.
14:08 of 1st period - Shot Misses the Net.
14:10 of 1st period - Wrist shot by Petteri Nokelainen.
14:10 of 1st period - Shot Blocked by Tomas Kundratek.
14:52 of 1st period - Snap shot by Craig Adams.
14:52 of 1st period - Stopped by Kevin Poulin without a rebound.
14:53 of 1st period - Casey Cizikas wins face-off versus Joe Colborne in Punishers zone.
15:17 of 1st period - Icing by Joe Colborne.
15:18 of 1st period - Joe Colborne wins face-off versus Boone Jenner in Knights zone.
17:01 of 1st period - Adam McQuaid is hit by Philip Varone and loses puck.
17:22 of 1st period - Wrist shot by Cody Bass.
17:22 of 1st period - Stopped by Kevin Poulin with a rebound.
17:24 of 1st period - Slapshot by Tomas Kundratek.
17:24 of 1st period - Shot Misses the Net.
17:26 of 1st period - Slapshot by Nikita Nikitin.
17:26 of 1st period - Shot Blocked by Alex Petrovic.
17:49 of 1st period - Wrist shot by Michael Raffl.
17:49 of 1st period - Shot Misses the Net.
18:05 of 1st period - Snap shot by Tanner Glass.
18:05 of 1st period - Deflect By Dainius Zubrus.
18:05 of 1st period - Stopped by Jeff Glass with a rebound.
18:07 of 1st period - Wrist shot by Tanner Glass.
18:07 of 1st period - Shot Misses the Net.
18:09 of 1st period - Snap shot by Dainius Zubrus.
18:09 of 1st period - Stopped by Jeff Glass without a rebound.
18:10 of 1st period - Zack Hamill wins face-off versus Boone Jenner in Knights zone.
18:35 of 1st period - Joe Colborne is hit by Ryan Malone and loses puck.
19:05 of 1st period - Tomas Kundratek is hit by Casey Cizikas.
19:21 of 1st period - Wrist shot by Dainius Zubrus.
19:21 of 1st period - Stopped by Jeff Glass without a rebound.
19:22 of 1st period - Zack Hamill wins face-off versus Boone Jenner in Knights zone.
19:47 of 1st period - Zack Hamill is hit by Alex Petrovic and loses puck.
Goals for this period are 0 for Punishers vs 1 for Knights.
Shots for this period are 8 for Punishers vs 7 for Knights.
2nd period
0:01 of 2nd period - Casey Cizikas wins face-off versus Zack Hamill in neutral zone.
0:11 of 2nd period - Minor Penalty to Craig Adams for Tripping.
0:12 of 2nd period - Casey Cizikas wins face-off versus Josh Jooris in Knights zone.
0:12 of 2nd period - Slapshot by Petteri Nokelainen.
0:12 of 2nd period - Goal by Petteri Nokelainen - Punishers : 1 - Knights : 1.
0:13 of 2nd period - Zack Hamill wins face-off versus Casey Cizikas in neutral zone.
0:13 of 2nd period - Nikita Nikitin is hit by Mike Weber and loses puck.
0:18 of 2nd period - Wrist shot by Petteri Nokelainen.
0:18 of 2nd period - Stopped by Jeff Glass with a rebound.
0:20 of 2nd period - Slapshot by Mike Sauer.
0:20 of 2nd period - Stopped by Jeff Glass with a rebound.
0:22 of 2nd period - Slapshot by Petteri Nokelainen.
0:22 of 2nd period - Shot Misses the Net.
0:24 of 2nd period - Slapshot by Petteri Nokelainen.
0:24 of 2nd period - Shot Misses the Net.
0:40 of 2nd period - Slapshot by Joe Colborne.
0:40 of 2nd period - Stopped by Kevin Poulin with a rebound.
0:42 of 2nd period - Wrist shot by Joe Colborne.
0:42 of 2nd period - Stopped by Kevin Poulin without a rebound.
0:43 of 2nd period - Boone Jenner wins face-off versus Joe Colborne in Punishers zone.
0:43 of 2nd period - Boone Jenner is hit by Chris Thorburn.
0:49 of 2nd period - Wrist shot by Joe Colborne.
0:49 of 2nd period - Stopped by Kevin Poulin without a rebound.
0:50 of 2nd period - Casey Cizikas wins face-off versus Joe Colborne in Punishers zone.
0:57 of 2nd period - Wrist shot by Petteri Nokelainen.
0:57 of 2nd period - Stopped by Jeff Glass with a rebound.
2:11 of 2nd period - Zach Trotman is hit by Boone Jenner and loses puck.
2:27 of 2nd period - Snap shot by Jimmy Hayes.
2:27 of 2nd period - Stopped by Kevin Poulin without a rebound.
2:28 of 2nd period - Casey Cizikas wins face-off versus Michael Raffl in Punishers zone.
2:39 of 2nd period - Snap shot by Mike Weber.
2:39 of 2nd period - Shot Blocked by Michael Raffl.
3:16 of 2nd period - Snap shot by Linden Vey.
3:16 of 2nd period - Shot Misses the Net.
3:45 of 2nd period - Slapshot by Craig Adams.
3:45 of 2nd period - Stopped by Kevin Poulin with a rebound.
3:47 of 2nd period - Snap shot by Craig Adams.
3:47 of 2nd period - Stopped by Kevin Poulin without a rebound.
3:48 of 2nd period - Zack Hamill wins face-off versus Boone Jenner in Punishers zone.
4:34 of 2nd period - Wrist shot by Ryan Malone.
4:34 of 2nd period - Shot Misses the Net.
5:31 of 2nd period - Michael Raffl is hit by Quinton Howden and loses puck.
6:25 of 2nd period - Boone Jenner is hit by Michael Raffl and loses puck.
7:27 of 2nd period - Slapshot by Zack Hamill.
7:27 of 2nd period - Shot Misses the Net.
7:29 of 2nd period - Slapshot by Scott Jackson.
7:29 of 2nd period - Stopped by Kevin Poulin without a rebound.
7:30 of 2nd period - Zack Hamill wins face-off versus Boone Jenner in Punishers zone.
8:06 of 2nd period - Minor Penalty to Matt Mackenzie for Tripping.
8:07 of 2nd period - Petteri Nokelainen wins face-off versus Michael Raffl in Punishers zone.
9:17 of 2nd period - Mike Weber is hit by Craig Adams and loses puck.
10:06 of 2nd period - Penalty to Matt Mackenzie is over, Matt Mackenzie is back on ice.
10:18 of 2nd period - Wrist shot by Petteri Nokelainen.
10:18 of 2nd period - Goal by Petteri Nokelainen - Punishers : 2 - Knights : 1.
10:19 of 2nd period - Boone Jenner wins face-off versus Joe Colborne in neutral zone.
10:26 of 2nd period - Wrist shot by Dainius Zubrus.
10:26 of 2nd period - Stopped by Jeff Glass without a rebound.
10:27 of 2nd period - Joe Colborne wins face-off versus Boone Jenner in Knights zone.
10:38 of 2nd period - Slapshot by Dainius Zubrus.
10:38 of 2nd period - Shot Blocked by Tomas Kundratek.
10:40 of 2nd period - Slapshot by Mike Sauer.
10:40 of 2nd period - Stopped by Jeff Glass with a rebound.
10:42 of 2nd period - Slapshot by Mike Sauer.
10:42 of 2nd period - Shot Misses the Net.
11:15 of 2nd period - Snap shot by A.J. Jenks.
11:15 of 2nd period - Stopped by Kevin Poulin with a rebound.
11:17 of 2nd period - Wrist shot by Cody Bass.
11:17 of 2nd period - Deflect By Jimmy Hayes.
11:17 of 2nd period - Shot Misses the Net.
11:17 of 2nd period - Puck is out of play.
11:18 of 2nd period - Joe Colborne wins face-off versus Casey Cizikas in Punishers zone.
11:25 of 2nd period - Slapshot by Chris Thorburn.
11:25 of 2nd period - Deflect By Ronalds Kenins.
11:25 of 2nd period - Stopped by Kevin Poulin without a rebound.
11:26 of 2nd period - Casey Cizikas wins face-off versus Joe Colborne in Punishers zone.
11:26 of 2nd period - Casey Cizikas is hit by Ronalds Kenins.
11:32 of 2nd period - Snap shot by Petteri Nokelainen.
11:32 of 2nd period - Shot Blocked by Joe Colborne.
11:34 of 2nd period - Backhand shot by Simon Despres.
11:34 of 2nd period - Shot Misses the Net.
11:36 of 2nd period - Slapshot by Adam McQuaid.
11:36 of 2nd period - Shot Blocked by Scott Jackson.
11:48 of 2nd period - Wrist shot by Petteri Nokelainen.
11:48 of 2nd period - Shot Misses the Net.
11:52 of 2nd period - Backhand shot by Petteri Nokelainen.
11:52 of 2nd period - Shot Misses the Net.
11:54 of 2nd period - Snap shot by Adam McQuaid.
11:54 of 2nd period - Stopped by Jeff Glass without a rebound.
11:55 of 2nd period - Boone Jenner wins face-off versus Zack Hamill in Knights zone.
12:09 of 2nd period - Slapshot by Tomas Kundratek.
12:09 of 2nd period - Shot Misses the Net.
12:11 of 2nd period - Snap shot by Michael Raffl.
12:11 of 2nd period - Stopped by Kevin Poulin with a rebound.
12:22 of 2nd period - Minor Penalty to Cody Bass for Roughing.
12:23 of 2nd period - Casey Cizikas wins face-off versus Chris Thorburn in Knights zone.
12:39 of 2nd period - Wrist shot by Mike Weber.
12:39 of 2nd period - Deflect By Casey Cizikas.
12:39 of 2nd period - Stopped by Jeff Glass with a rebound.
13:16 of 2nd period - Snap shot by Tanner Glass.
13:16 of 2nd period - Deflect By Dainius Zubrus.
13:16 of 2nd period - Stopped by Jeff Glass with a rebound.
14:22 of 2nd period - Penalty to Cody Bass is over, Cody Bass is back on ice.
14:28 of 2nd period - Scott Lehman is hit by Michael Ferland and loses puck.
14:35 of 2nd period - Snap shot by Frazer Mclaren.
14:35 of 2nd period - Deflect By Cody Bass.
14:35 of 2nd period - Stopped by Jeff Glass without a rebound.
14:36 of 2nd period - Philip Varone wins face-off versus Quinton Howden in Knights zone.
14:43 of 2nd period - Wrist shot by Linden Vey.
14:43 of 2nd period - Shot Misses the Net.
14:45 of 2nd period - Slapshot by Linden Vey.
14:45 of 2nd period - Shot Blocked by Alex Petrovic.
14:47 of 2nd period - Wrist shot by Linden Vey.
14:47 of 2nd period - Stopped by Kevin Poulin without a rebound.
14:48 of 2nd period - Quinton Howden wins face-off versus Zack Hamill in Punishers zone.
14:48 of 2nd period - Quinton Howden is hit by Michael Raffl.
14:49 of 2nd period - Quinton Howden from Punishers is injured at 14:49 of 2nd period (Sprained Left Finger).
14:50 of 2nd period - Miikka Salomaki wins face-off versus Zack Hamill in Punishers zone.
14:50 of 2nd period - Miikka Salomaki is hit by Nikita Nikitin.
15:00 of 2nd period - Slapshot by Petteri Nokelainen.
15:00 of 2nd period - Stopped by Jeff Glass without a rebound.
15:01 of 2nd period - Zack Hamill wins face-off versus Casey Cizikas in Knights zone.
15:16 of 2nd period - Slapshot by Michael Raffl.
15:16 of 2nd period - Stopped by Kevin Poulin with a rebound.
15:51 of 2nd period - Frazer Mclaren is hit by Jimmy Hayes and loses puck.
16:08 of 2nd period - Snap shot by Petteri Nokelainen.
16:08 of 2nd period - Stopped by Jeff Glass with a rebound.
16:10 of 2nd period - Slapshot by Matt Mackenzie.
16:10 of 2nd period - Stopped by Jeff Glass with a rebound.
17:36 of 2nd period - Backhand shot by Dainius Zubrus.
17:36 of 2nd period - Shot Blocked by Michael Stone.
17:38 of 2nd period - Snap shot by Radek Smolenak.
17:38 of 2nd period - Deflect By Dainius Zubrus.
17:38 of 2nd period - Shot Misses the Net.
17:38 of 2nd period - Puck is out of play.
17:39 of 2nd period - Zack Hamill wins face-off versus Philippe Paradis in Knights zone.
17:50 of 2nd period - Adam McQuaid is hit by Craig Adams and loses puck.
18:57 of 2nd period - Snap shot by Radek Smolenak.
18:57 of 2nd period - Shot Blocked by Nikita Nikitin.
19:13 of 2nd period - Slapshot by Craig Adams.
19:13 of 2nd period - Shot Blocked by Mike Weber.
19:31 of 2nd period - Wrist shot by Radek Smolenak.
19:31 of 2nd period - Shot Misses the Net.
19:33 of 2nd period - Slapshot by Philippe Paradis.
19:33 of 2nd period - Shot Misses the Net.
19:35 of 2nd period - Wrist shot by Radek Smolenak.
19:35 of 2nd period - Deflect By Zack Hamill.
19:35 of 2nd period - Stopped by Jeff Glass without a rebound.
19:36 of 2nd period - Casey Cizikas wins face-off versus Joe Colborne in Knights zone.
19:37 of 2nd period - Wrist shot by Petteri Nokelainen.
19:37 of 2nd period - Stopped by Jeff Glass without a rebound.
19:38 of 2nd period - Joe Colborne wins face-off versus Petteri Nokelainen in Knights zone.
19:40 of 2nd period - Minor Penalty to Ronalds Kenins for Holding.
19:41 of 2nd period - Craig Adams wins face-off versus Casey Cizikas in Knights zone.
Goals for this period are 2 for Punishers vs 0 for Knights.
Shots for this period are 16 for Punishers vs 12 for Knights.
3rd period
0:01 of 3rd period - Casey Cizikas wins face-off versus Craig Adams in neutral zone.
0:12 of 3rd period - Backhand shot by Casey Cizikas.
0:12 of 3rd period - Goal by Casey Cizikas - Punishers : 3 - Knights : 1.
0:13 of 3rd period - Zack Hamill wins face-off versus Casey Cizikas in neutral zone.
0:42 of 3rd period - Slapshot by Boone Jenner.
0:42 of 3rd period - Shot Misses the Net.
1:41 of 3rd period - Wrist shot by Dainius Zubrus.
1:41 of 3rd period - Stopped by Jeff Glass without a rebound.
1:42 of 3rd period - Joe Colborne wins face-off versus Boone Jenner in Knights zone.
1:42 of 3rd period - Joe Colborne is hit by Dainius Zubrus.
2:16 of 3rd period - Slapshot by Petteri Nokelainen.
2:16 of 3rd period - Deflect By Miikka Salomaki.
2:16 of 3rd period - Stopped by Jeff Glass with a rebound.
2:18 of 3rd period - Snap shot by Petteri Nokelainen.
2:18 of 3rd period - Stopped by Jeff Glass without a rebound.
2:19 of 3rd period - Casey Cizikas wins face-off versus Zack Hamill in Knights zone.
2:24 of 3rd period - Snap shot by Casey Cizikas.
2:24 of 3rd period - Shot Blocked by Nikita Nikitin.
2:26 of 3rd period - Slapshot by Casey Cizikas.
2:26 of 3rd period - Stopped by Jeff Glass with a rebound.
2:28 of 3rd period - Slapshot by Simon Despres.
2:28 of 3rd period - Shot Blocked by Nikita Nikitin.
2:32 of 3rd period - Snap shot by Simon Despres.
2:32 of 3rd period - Shot Blocked by Tomas Kundratek.
2:34 of 3rd period - Backhand shot by Miikka Salomaki.
2:34 of 3rd period - Shot Blocked by Zack Hamill.
3:05 of 3rd period - Wrist shot by Philippe Paradis.
3:05 of 3rd period - Shot Misses the Net.
3:27 of 3rd period - Snap shot by A.J. Jenks.
3:27 of 3rd period - Stopped by Kevin Poulin with a rebound.
3:45 of 3rd period - Snap shot by Craig Adams.
3:45 of 3rd period - Shot Misses the Net.
4:05 of 3rd period - Nikita Nikitin is hit by Casey Cizikas and loses puck.
4:50 of 3rd period - Mike Weber is hit by Philip Varone and loses puck.
4:55 of 3rd period - Snap shot by Linden Vey.
4:55 of 3rd period - Stopped by Kevin Poulin with a rebound.
4:57 of 3rd period - Slapshot by Tomas Kundratek.
4:57 of 3rd period - Stopped by Kevin Poulin with a rebound.
5:33 of 3rd period - Wrist shot by Zack Hamill.
5:33 of 3rd period - Stopped by Kevin Poulin with a rebound.
5:58 of 3rd period - Off-side.
5:59 of 3rd period - Philip Varone wins face-off versus Boone Jenner in neutral zone.
6:02 of 3rd period - Alex Petrovic is hit by Jason Zucker and loses puck.
6:09 of 3rd period - Slapshot by Philip Varone.
6:09 of 3rd period - Goal by Philip Varone - Punishers : 3 - Knights : 2.
6:10 of 3rd period - Zack Hamill wins face-off versus Casey Cizikas in neutral zone.
6:13 of 3rd period - Snap shot by Zack Hamill.
6:13 of 3rd period - Shot Blocked by Petteri Nokelainen.
6:56 of 3rd period - Minor Penalty to Dainius Zubrus for Holding.
6:57 of 3rd period - Petteri Nokelainen wins face-off versus Zack Hamill in Punishers zone.
7:56 of 3rd period - Michael Raffl is hit by Simon Despres and loses puck.
8:15 of 3rd period - Chris Thorburn is hit by Ryan Malone and loses puck.
8:22 of 3rd period - Petteri Nokelainen is hit by Joe Colborne.
8:56 of 3rd period - Penalty to Dainius Zubrus is over, Dainius Zubrus is back on ice.
9:25 of 3rd period - Dainius Zubrus is hit by Linden Vey and loses puck.
9:42 of 3rd period - Ryan Malone is hit by Nikita Nikitin and loses puck.
11:56 of 3rd period - Minor Penalty to Cody Bass for Tripping.
11:57 of 3rd period - Craig Adams wins face-off versus Casey Cizikas in Knights zone.
13:10 of 3rd period - Snap shot by Scott Lehman.
13:10 of 3rd period - Stopped by Kevin Poulin with a rebound.
13:56 of 3rd period - Penalty to Cody Bass is over, Cody Bass is back on ice.
14:22 of 3rd period - Zach Trotman is hit by Matt Mackenzie and loses puck.
15:02 of 3rd period - Ryan Malone is hit by Scott Jackson and loses puck.
15:25 of 3rd period - Miikka Salomaki is hit by Zack Hamill.
15:29 of 3rd period - Michael Raffl is hit by Boone Jenner and loses puck.
15:40 of 3rd period - Alex Petrovic is hit by Ronalds Kenins and loses puck.
15:53 of 3rd period - Miikka Salomaki is hit by Ronalds Kenins and loses puck.
16:01 of 3rd period - Icing by Alex Petrovic.
16:02 of 3rd period - Philip Varone wins face-off versus Boone Jenner in Punishers zone.
16:45 of 3rd period - Jimmy Hayes is hit by Adam McQuaid and loses puck.
17:14 of 3rd period - Mike Sauer is hit by Linden Vey.
17:24 of 3rd period - Snap shot by Jason Zucker.
17:24 of 3rd period - Shot Blocked by Mike Weber.
17:26 of 3rd period - Slapshot by Jason Zucker.
17:26 of 3rd period - Stopped by Kevin Poulin without a rebound.
17:27 of 3rd period - Craig Adams wins face-off versus Philippe Paradis in Punishers zone.
17:38 of 3rd period - Snap shot by Craig Adams.
17:38 of 3rd period - Shot Misses the Net.
17:40 of 3rd period - Slapshot by Michael Stone.
17:40 of 3rd period - Stopped by Kevin Poulin with a rebound.
18:04 of 3rd period - Snap shot by Frazer Mclaren.
18:04 of 3rd period - Goal by Frazer Mclaren - Punishers : 4 - Knights : 2.
18:05 of 3rd period - Casey Cizikas wins face-off versus Cody Bass in neutral zone.
18:08 of 3rd period - Nikita Nikitin is hit by Mike Sauer and loses puck.
18:31 of 3rd period - A.J. Jenks is hit by Tanner Glass.
19:23 of 3rd period - Slapshot by Cody Bass.
19:23 of 3rd period - Deflect By Jimmy Hayes.
19:23 of 3rd period - Goal by Jimmy Hayes - Punishers : 4 - Knights : 3.
19:24 of 3rd period - Zack Hamill wins face-off versus Petteri Nokelainen in neutral zone.
19:31 of 3rd period - Wrist shot by Petteri Nokelainen.
19:31 of 3rd period - Goal by Petteri Nokelainen - Punishers : 5 - Knights : 3.
19:32 of 3rd period - Philippe Paradis wins face-off versus Joe Colborne in neutral zone.
Goals for this period are 3 for Punishers vs 2 for Knights.
Shots for this period are 7 for Punishers vs 9 for Knights.
Back to the Top